 Dungeon Crawl Stone Soup version 0.31-a0-426-g3a05650e59 (webtiles) character file.

Game seed: 2540968655630075593

387 floatRand the Ruffian (level 6, -1/70 HPs)
             Began as a Draconian Shapeshifter on July 30, 2023.
             Was an Initiate of Ru.
             Slain by Pikel
             ... wielding a +0 whip of freezing
              (2 damage)
             ... on level 4 of the Dungeon.
             The game lasted 00:03:28 (3249 turns).

floatRand the Ruffian (Draconian Shapeshifter)      Turns: 3249, Time: 00:03:31

Health: -1/70      AC: 23    Str: 17    XL:     6   Next: 49%
Magic:  6/6        EV:  2    Int:  8    God:    Ru [......]
Gold:   186        SH:  0    Dex: 20    Spells: 5/5 levels left

rFire   . .          .
                       - Unarmed
rCold   . . .        (no shield)
rNeg    . . .        (body armour unavailable)
rPois   +            (helmet currently unavailable)
rElec   .            (cloak currently unavailable)
rCorr   .            (gloves currently unavailable)
SInv    .            (boots currently unavailable)
Will    .....        h - amulet of the acrobat
Stlth   ++           n - +6 ring of dexterity
HPRegen 0.31/turn    (no ring)
MPRegen 0.10/turn

%: acrobat
@: tree-form
A: stationary, stasis, torment immunity, boosted hp, AC +6, unfitting armour,
(cold-blooded)
a: Renounce Religion


You were on level 4 of the Dungeon.
You worshipped Ru.
Ru was noncommittal.
You were a tree.
You visited 1 branch of the dungeon, and saw 4 of its levels.

You collected 186 gold pieces.

Inventory:

Missiles
 i - a throwing net
Armour
 g - a +0 pair of gloves
 q - a +0 buckler
Jewellery
 h - an amulet of the acrobat (around neck)
 n - a +6 ring of dexterity (left branch)
 p - an amulet of magic regeneration
Talismans
 b - a beast talisman
Wands
 o - a wand of polymorph (8)
Scrolls
 d - 4 scrolls of identify {unknown}
 e - a scroll of summoning {unknown}
 k - 2 scrolls of teleportation {unknown}
Potions
 c - 3 potions of curing {unknown}
 f - a potion of magic {unknown}
 j - a potion of might {unknown}
 l - a potion of invisibility {unknown}
 m - a potion of cancellation {unknown}
 r - a potion of haste {unknown}
 s - a potion of heal wounds {unknown}


   Skills:
 - Level 1.1 Fighting
 - Level 1.7 Dodging
 * Level 6.2 Unarmed Combat
 + Level 4.4 Shapeshifting


You had 5 spell levels left.
You didn't know any spells.
Your spell library contained the following spells:

 Spells                   Type           Power      Damage    Failure   Level
 Slow                     Hex            0%         N/A       41%         1
 Confusing Touch          Hex            0%         N/A       78%         3
 Ozocubu's Armour         Ice            0%         N/A       78%         3
 Tukima's Dance           Hex            0%         N/A       78%         3
 Vampiric Draining        Necr           0%         2d6       78%         3
 Passage of Golubria      Tloc           0%         N/A       99%         4
 Metabolic Englaciation   Hex/Ice        0%         N/A       100%        5
 Yara's Violent Unravell  Hex/Tmut       0%         3d3       100%        5
 Simulacrum               Ice/Necr       0%         N/A       100%        6


Dungeon Overview and Level Annotations

Branches:
Dungeon (4/15)
 Temple: D:4-7

Altars:
Elyvilon
Fedhas
Ru
Trog

Annotations:
D:4 Pikel


Innate Abilities, Weirdness & Mutations

You are a tree.
Your roots penetrate the ground, keeping you stationary.
You cannot be teleported.
You are immune to unholy pain and torment.
Your maximum health is greatly increased.
Your equipment is partially melded.
((Your plain brown scales are hard. (AC +6)))
You cannot fit into any form of body armour.
((You are cold-blooded and may be slowed by cold attacks.))


Message History

Pikel hits you with a +0 whip of freezing.
* * * LOW HITPOINT WARNING * * *
You feel yourself slow down. Pikel freezes you.
* * * LOW HITPOINT WARNING * * *
You are too injured to fight recklessly!
Unknown command.
You hit Pikel.
Pikel is severely wounded.
Pikel barely misses you.
You are too injured to fight recklessly!
Unknown command.
You closely miss Pikel.
Pikel is severely wounded.
You feel yourself speed up. Pikel barely misses you.
Pikel hits you with a +0 whip of freezing!
* * * LOW HITPOINT WARNING * * *
You feel yourself slow down. Pikel freezes you.
* * * LOW HITPOINT WARNING * * *
You hit Pikel.
Pikel is severely wounded.
Pikel closely misses you.
Really quaff the potion of lignification?
Your transformation has ended.
You turn into a tree.
Your roots penetrate the ground.
You feel yourself speed up. Pikel hits you but does no damage. x2
Unknown command.
You hit Pikel but do no damage.
Pikel is severely wounded.
Pikel hits you but does no damage.
You closely miss Pikel. You punch Pikel, but do no damage.
Pikel is severely wounded.
You hit Pikel.
Pikel is severely wounded.
Pikel cracks his whip.
Pikel hits you with a +0 whip of freezing.
* * * LOW HITPOINT WARNING * * *
Pikel freezes you.
You die...

#†# #.#.##)..#'######
#.# #..5K'......(.###
#.######.#.##........##.
#.........5#####.....##.
#######..##### #.######.
#..........###.######.
#.##>...............'.
#.#....#.#.###.######.
#.#..♣.#.#.....## ##
#.#.K#.#.#..#..[# ##
####.#..)...#..#...# #.
#.....<...#.#..#...# #.
#.........#.#..##### #.
#........<)##### #.
#......##### #.
#..........# #.
#.........## #.


You could see Pikel.

Vanquished Creatures
  Duvessa (D:4)
  4 lemures
  Dowan (D:4)
  Ijyb (D:3)
  A sleepcap (D:3)
  Robin (D:4)
  5 adders
  4 gnolls (D:4)
  2 ufetubi (D:4)
  2 worms
  A dart slug (D:3)
  3 ball pythons
  8 endoplasms
  2 giant cockroaches (D:4)
  9 hobgoblins
  7 kobolds
  2 quokkas
  7 bats
  3 frilled lizards
  10 goblins
  3 rats
77 creatures vanquished.

Vanquished Creatures (others)
  A goblin (D:4)
1 creature vanquished.

Grand Total: 78 creatures vanquished

Notes
Turn   | Place    | Note
-------+----------+-------------------------------------------
     0 | D:1      | floatRand the Draconian Shapeshifter began the quest for
                  | the Orb.
     0 | D:1      | Reached XP level 1. HP: 16/16 MP: 1/1
   151 | D:1      | Reached XP level 2. HP: 23/23 MP: 2/2
   786 | D:2      | Found a white marble altar of Elyvilon.
   800 | D:2      | Reached XP level 3. HP: 28/28 MP: 3/3
   865 | D:2      | Reached skill level 4 in Unarmed Combat
  1421 | D:3      | Reached XP level 4. HP: 12/35 MP: 4/4
  1717 | D:3      | Noticed Ijyb
  1728 | D:3      | Killed Ijyb
  1965 | D:3      | Found a bloodstained altar of Trog.
  2036 | D:3      | Reached skill level 5 in Unarmed Combat
  2036 | D:3      | Reached XP level 5. HP: 40/40 MP: 5/5
  2131 | D:3      | Found a white marble altar of Elyvilon.
  2332 | D:4      | Found a sacrificial altar of Ru.
  2411 | D:4      | Became a worshipper of Ru the Awakened
  2463 | D:4      | Noticed Duvessa
  2463 | D:4      | Noticed Dowan
  2490 | D:4      | Killed Duvessa
  2491 | D:4      | Reached XP level 6. HP: 42/47 MP: 6/6
  2512 | D:4      | Killed Dowan
  2513 | D:4      | Reached skill level 6 in Unarmed Combat
  2766 | D:4      | Found a blossoming altar of Fedhas.
  2767 | D:4      | Noticed Pikel
  2897 | D:4      | Noticed Robin
  2906 | D:4      | Killed Robin
  3249 | D:4      | HP: 1/70 [Pikel/+0 whip of freezing (5)]
  3249 | D:4      | Slain by Pikel

Illustrated notes

Levels and vault maps discovered:
D:1:      sevenhm_arrival_forest_fort_small_1, layout_loops_ring,
          columned_hall_lemuel
D:2:      layout_basic, basic_altar
D:3:      layout_basic, lightli_temple_of_fire,
          mainiacjoe_overflow_surrounded_room, uniq_ijyb
D:4:      layout_basic, nicolae_ru_path_of_blood, fedhas_altar_2,
          mainiacjoe_overflow_alcove_2, glass_columns_a, uniq_duvessa,
          uniq_pikel, uniq_robin

Skill      XL: |  1  2  3  4  5  6 |
---------------+-------------------+-----
Unarmed Combat | 4 5 6 |  6.2
Shapeshifting  | 4 |  4.4
Fighting       | |  1.1
Dodging        | |  1.7

Action                     |  1- 3 |  4- 6 || total
---------------------------+-------+-------++-------
  Melee: Unarmed           |   100 |   131 ||   231
         Tailslap          |    12 |    17 ||    29
         Punch             |     3 |     5 ||     8
    Use: Potion            |       |     2 ||     2
   Stab: Sleeping          |     3 |     3 ||     6
         Distracted        |       |     1 ||     1
 Armour: Skin              |    27 |    34 ||    61
  Dodge: Dodged            |    73 |    60 ||   133

Table legend: (Time is in decaauts)
 A = Elapsed time spent in this place.
 B = Non-inter-level travel time spent in this place.
 C = Inter-level travel time spent in this place.
 D = Time resting spent in this place.
 E = Time spent auto-exploring this place.
 F = Levels seen in this place.
 G = Mean time per level.
                   A        B        C        D        E       F      G
               +--------+--------+--------+--------+--------+-----+--------+
         Total |   3233 |   3203 |     30 |    537 |   1793 |   4 |  808.2 |
       Dungeon |   3233 |   3203 |     30 |    537 |   1793 |   4 |  808.2 |
               +--------+--------+--------+--------+--------+-----+--------+

Top non-repeatable levels by time:
     D:3: 1137 daAuts
     D:4: 785 daAuts
     D:2: 681 daAuts
     D:1: 629 daAuts
